AoeStats
← Michi3052

Hideout

507091755Analyzed
1v1 RM · 16d ago on Sep 16, 2026· 42m 45s· 2 players
Game mode
Random Map
Map size
Tiny (2 player)
Population
200
Speed
Normal
Resources
Standard
Victory
Conquest
Starting age
Dark Age
Ending age
Imperial Age
RankedLock teamsTeams togetherTeam positionsShared explorationLock speedFull tech treeHidden civsTurbo modeCheats
Victory
Defeat
🇨🇭 Italians · Switzerland
723
+17
🇪🇸 Turks · Spain
743
-17
Cairo
1:25 Loom
9:20 Feudal Age
10:43 Wheelbarrow
9:54 Town Watch
10:06 Double-Bit Axe
11:03 Horse Collar
12:28 Man-at-Arms
15:34 Fletching
21:53 Castle Age
21:20 Padded Archer Armor
21:22 Scale Mail Armor
21:26 Stone Mining
21:36 Gold Mining
22:56 Bow Saw
24:46 Heavy Plow
24:31 Pikeman
25:12 Squires
25:35 Bodkin Arrow
25:52 Crossbowman
28:26 Fervor
28:39 Sanctity
29:45 Chain Mail Armor
35:42 Imperial Age
33:49 Forging
33:57 Leather Archer Armor
33:47 Guard Tower
34:21 Ballistics
34:36 Guard Tower
34:58 Light Cavalry
35:48 Bloodlines
35:39 Husbandry
36:10 Hand Cart
35:56 Town Patrol
36:23 Bracer
36:39 Hussar
36:42 Cavalier
38:18 Block Printing
38:19 Redemption
39:15 Scale Barding Armor
39:21 Forging
41:10 Chain Barding Armor
41:46 Keep
42:19 Crop Rotation
42:09 Thumb Ring
43:37 Two-Man Saw
43:47 Chemistry
Michi3052
12:28 Feudal Age
13:12 Double-Bit Axe
16:05 Loom
20:16 Castle Age
22:41 Horse Collar
27:15 Wheelbarrow
27:18 Gold Mining
30:28 Imperial Age
29:07 Fletching
29:18 Padded Archer Armor
33:56 Bodkin Arrow
35:23 Bracer
36:14 Hand Cart
Connection lost

Rejoining the realm…

Still unreachable

The connection could not be restored.

Session expired

The server has moved on; the page needs a fresh start.